 Dungeon Crawl Stone Soup version 0.31-a0-441-g867994ef1c (webtiles) character file.

Game seed: 18335023991902887589

207 floatRand the Cudgeller (level 5, 0/32 HPs)
             Began as a Gargoyle Fighter on Aug 2, 2023.
             Was a Follower of Qazlal.
             Slain by a ball python (3 damage)
             ... in a sewer.
             The game lasted 00:02:16 (2639 turns).

floatRand the Cudgeller (Gargoyle Fighter)          Turns: 2639, Time: 00:02:17

Health: 0/32       AC: 10    Str: 21    XL:     5   Next: 85%
Magic:  6/7        EV:  9    Int:  9    God:    Qazlal [*.....]
Gold:   100        SH:  5    Dex:  9    Spells: 4/4 levels left

rFire   . . .        a - +0 flail
rCold   . . .        c - +0 buckler
rNeg    + . .        b - +0 scale mail
rPois   ∞            (no helmet)
rElec   +            (no cloak)
rCorr   .            (no gloves)
SInv    .            (no boots)
Will    .....        (no amulet) Stlth
                     (no ring)
HPRegen 0.25/turn    (no ring)
MPRegen 0.10/turn

%: no passive effects
@: no status effects
A: sickness immunity, AC +4, negative energy resistance 1, electricity
resistance, torment resistance 1, petrification resistance
a: Renounce Religion


You were in a sewer.
You worshipped Qazlal.
Qazlal was aware of your devotion.
You visited 2 branches of the dungeon, and saw 5 of its levels.
You also visited: Sewer.

You collected 100 gold pieces.

Inventory:

Hand Weapons
 a - a +0 flail (weapon)
Armour
 b - a +0 scale mail (worn)
 c - a +0 buckler (worn)
Scrolls
 h - a scroll of noise {unknown}
 i - 3 scrolls of teleportation {unknown}
 j - 2 scrolls of torment {unknown}
 l - a scroll of acquirement {unknown}
 m - a scroll of poison {unknown}
 n - a scroll of revelation {unknown}
Potions
 d - a potion of might
 e - 2 potions of curing {unknown}
 f - a potion of attraction {unknown}
 g - a potion of mutation {unknown}
 k - a potion of brilliance {unknown}


   Skills:
 - Level 3.2 Fighting
 + Level 5.0 Maces & Flails
 - Level 3.2 Armour
 - Level 3.2 Shields
 + Level 3.0 Invocations


You had 4 spell levels left.
You didn't know any spells.
Your spell library contained the following spells:

 Spells                   Type           Power      Damage    Failure   Level
 Apportation              Tloc           0%         N/A       80%         1
 Necrotise                Necr           0%         1d4       80%         1
 Summon Small Mammal      Summ           0%         N/A       80%         1
 Anguish                  Hex/Necr       0%         N/A       100%        4
 Cause Fear               Hex            0%         N/A       100%        4
 Enfeeble                 Hex            0%         N/A       100%        7


Dungeon Overview and Level Annotations

Branches:
Dungeon (4/15)             Temple (1/1) D:4           Sewer (1/1)

Altars:
Ashenzari
Dithmenos
Elyvilon
Fedhas
Gozag
Hepliaklqana
Kikubaaqudgha
Makhleb
Nemelex Xobeh
Qazlal
Ru
Sif Muna
Uskayaw
Xom
Yredelemnul
Zin


Innate Abilities, Weirdness & Mutations

You are immune to sickness and miasma.
Your stone body is resilient. (AC +4)
You are immune to poison.
You resist negative energy. (rN+)
You are resistant to electric shocks. (rElec)
You are resistant to unholy torment.
You are immune to petrification.


Message History

The ball python grabs you. The ball python constricts you.
You block the bullfrog's attack.
The ball python bites you but does no damage.
The ball python constricts you.
You escape the ball python's grasp.
The bullfrog hits you but does no damage.
Unknown command.
You hit the bullfrog.
The bullfrog is moderately wounded.
You block the bullfrog's attack.
The ball python bites you but does no damage.
The ball python barely misses you.
Unknown command.
You sock the bullfrog!
The bullfrog is severely wounded.
The bullfrog hits you.
* * * LOW HITPOINT WARNING * * *
The ball python bites you but does no damage.
The ball python closely misses you.
The bullfrog hits you but does no damage.
The ball python bites you but does no damage.
You block the ball python's attack.
You barely miss the bullfrog.
The bullfrog is severely wounded.
The bullfrog hits you but does no damage.
The ball python bites you but does no damage.
The ball python barely misses you.
The bullfrog hits you but does no damage.
Unknown command.
You sock the bullfrog!
You kill the bullfrog!
Qazlal accepts your kill. The ball python misses you.
You block the ball python's attack.
The frilled lizard bites you but does no damage.
Your Maces & Flails skill increases to level 5!
Your Invocations skill increases to level 3!
You miss the frilled lizard.
The ball python bites you but does no damage.
The ball python closely misses you. The ball python bites you.
You die...

#.∩.∩..~~~.~~~~~~≈≈≈≈≈≈≈≈≈#
########.~~~~~~~~≈~.#######
########~~≈~.#
###################~~≈~~#
†............÷..~..~~≈~~#
~~~~~~~~~~~~~~~~~~~~~≈~.#
≈≈≈≈≈≈≈≈≈≈≈≈≈≈≈≈≈≈≈≈≈≈~.#
≈≈~~≈~~~~~~~~~~S~~~~~≈B~#
~~≈≈~≈~~.......l@.~~~≈≈~#
≈≈~~≈≈≈≈≈≈≈~#######~~≈B~#
≈≈≈≈≈≈≈≈≈≈~≈≈≈# #~~≈~.#
≈~.~~≈≈≈≈≈≈~≈≈# #.~≈~.#
~~~≈≈≈≈≈≈≈≈# #.~≈~.#
~~?B≈≈≈≈≈≈≈# #~~≈~.#
.$S).≈≈≈≈F≈# #.~≈~.#
~)(.~~≈≈≈≈≈# #~~≈~~#
≈≈..~≈≈≈≈≈≈# #~~≈~~#


You could see 2 giant cockroaches, a ball python and a frilled lizard.

Vanquished Creatures
  2 bullfrogs (Sewer)
  An adder (Sewer)
  3 dart slugs
  5 endoplasms
  10 giant cockroaches
  7 hobgoblins
  5 quokkas
  8 ball pythons
  4 bats
  7 frilled lizards (Sewer)
  6 goblins
  2 kobolds (D:1)
  5 rats
65 creatures vanquished.

Notes
Turn   | Place    | Note
-------+----------+-------------------------------------------
     0 | D:1      | floatRand the Gargoyle Fighter began the quest for the Orb.
     0 | D:1      | Reached XP level 1. HP: 14/14 MP: 1/1
   265 | D:1      | Reached XP level 2. HP: 18/19 MP: 2/2
   453 | D:1      | Reached skill level 3 in Maces & Flails
   722 | D:1      | Reached XP level 3. HP: 23/23 MP: 3/3
  1649 | D:2      | Found a sparkling altar of Nemelex Xobeh.
  1796 | D:2      | Found a faded altar of an unknown god.
  2176 | D:3      | You fall into a shaft and drop 1 floor!
  2235 | D:4      | Found a staircase to the Ecumenical Temple.
  2243 | D:4      | Reached skill level 4 in Maces & Flails
  2246 | Temple   | Entered the Ecumenical Temple
  2288 | Temple   | Became a worshipper of Qazlal Stormbringer
  2353 | D:4      | Found a glowing drain.
  2358 | Sewer    | Entered a sewer
  2424 | Sewer    | Reached XP level 4. HP: 25/28 MP: 4/4
  2555 | Sewer    | Reached skill level 1 in Invocations
  2588 | Sewer    | Reached * piety under Qazlal
  2622 | Sewer    | Noticed a bullfrog
  2628 | Sewer    | Noticed a bullfrog
  2631 | Sewer    | Killed a bullfrog
  2632 | Sewer    | Reached XP level 5. HP: 10/32 MP: 6/6
  2639 | Sewer    | Reached skill level 5 in Maces & Flails
  2639 | Sewer    | Slain by a ball python

Illustrated notes

Levels and vault maps discovered:
D:1:      dpeg_arrival_arbitrary_a, layout_basic, serial_forest,
          infiniplex_forest_clump_double, infiniplex_forest_end_3,
          infiniplex_forest_corner_2, infiniplex_forest_3_way,
          infiniplex_forest_clump_diagonal, infiniplex_forest_clump_small
D:2:      layout_basic, ebering_ecumenical_altar_abandoned, basic_altar
D:3:      cheibrodos_old_hovel, layout_basic, ebering_ghost_rock_garden,
          serial_shops, nicolae_shop_rolling_square, minmay_crystal_water,
          dk_noncrumbling_2, uniq_sigmund
D:4:      layout_loops_ring, minmay_temple_entry_statues_fountains,
          portal_sewer_entry_e, minmay_door_square
Temple:   nicolae_temple_superstar
Sewer:    sewer_frog_island_01

Skill      XL: |  1  2  3  4  5 |
---------------+----------------+-----
Maces & Flails | 3 4 5 |  5.0
Invocations    | 2 3 |  3.0
Fighting       | |  3.2
Armour         | |  3.2
Shields        | |  3.2

Action                     |  1- 3 |  4- 6 || total
---------------------------+-------+-------++-------
  Melee: Flail             |   123 |    77 ||   200
 Armour: Scale mail        |    66 |    76 ||   142
  Dodge: Dodged            |    55 |    50 ||   105
  Block: Buckler           |    11 |    26 ||    37

Table legend: (Time is in decaauts)
 A = Elapsed time spent in this place.
 B = Non-inter-level travel time spent in this place.
 C = Inter-level travel time spent in this place.
 D = Time resting spent in this place.
 E = Time spent auto-exploring this place.
 F = Levels seen in this place.
 G = Mean time per level.
                   A        B        C        D        E       F      G
               +--------+--------+--------+--------+--------+-----+--------+
         Total |   2711 |   2640 |     71 |     34 |   1875 |   6 |  451.8 |
       Dungeon |   2314 |   2243 |     71 |     26 |   1792 |   4 |  578.5 |
        Temple |     70 |     70 |      0 |      5 |      0 |   1 |   70.0 |
         Sewer |    325 |    325 |      0 |      3 |     83 |   1 |  325.0 |
               +--------+--------+--------+--------+--------+-----+--------+

Top non-repeatable levels by time:
     D:1: 1437 daAuts
     D:2: 708 daAuts
   Sewer: 325 daAuts
     D:4: 113 daAuts
  Temple: 70 daAuts
     D:3: 56 daAuts
